Selects Luftwaffe Battlegroup
Selects Luftwaffe Pioneer Support
Fallschirmpioneer Squad Paradrop
Construct Infanterie Kompanie
Fallschirmpioneer Squad Paradrop
Selects Reconnaissance Run
Fallschirmpioneer Squad Paradrop
Construct Panzergrenadier Kompanie
Nebelwerfer 42 Rocket Launcher Team
Selects LG40 Recoilless Gun Paradrop
Pak 40 Anti-tank Gun Team
Pak 40 Anti-tank Gun Team
Fallschirmpioneer Squad Paradrop
Construct Panzer Kompanie
Selects Fallschirmjäger Squad Paradrop
Fallschirmpioneer Squad Paradrop
Fallschirmjäger Squad Paradrop